 Dungeon Crawl Stone Soup version 0.19.4 (webtiles) character file.

813 Minion the Ruffian (level 7, -4/43 HPs)
             Began as a Gargoyle Monk on Feb 2, 2017.
             Was a Priest of Makhleb.
             Slain by Kiturien's ghost (7 damage)
             ... on level 6 of the Dungeon.
             The game lasted 00:12:11 (4278 turns).

Minion the Ruffian (Gargoyle Monk)                  Turns: 4278, Time: 00:12:11

Health: -4/43      AC: 14    Str: 15    XL:     7   Next: 93%
Magic:  8/8        EV: 11    Int: 10    God:    Makhleb [***...]
Gold:   242        SH:  0    Dex: 14    Spells: 0 memorised, 6 levels left

rFire  + . .     SeeInvis +       - Unarmed
rCold  . . .     Gourm    .     o - +0 scale mail {rF+}
rNeg   + . .     Faith    .     (no shield)
rPois  ∞         Spirit   .     s - +0 helmet
rElec  +         Reflect  .     k - +0 cloak
rCorr  .         Harm     .     (no gloves)
MR     .....                    (no boots)
Stlth  +.........               (no amulet)
                                v - ring of see invisible
                                (no ring)

@: no status effects
A: negative energy resistance 1, electricity resistance, unbreathing,
petrification resistance, rot immunity, AC +4
a: Minor Destruction, Lesser Servant of Makhleb, Renounce Religion


You were on level 6 of the Dungeon.
You worshipped Makhleb.
Makhleb was most pleased with you.
You were not hungry.

You visited 1 branch of the dungeon, and saw 6 of its levels.

You collected 242 gold pieces.

Inventory:

Armour
 k - a +0 cloak (worn)
 o - a +0 scale mail of fire resistance (worn)
 s - a +0 helmet (worn)
Jewellery
 v - a ring of see invisible (right hand)
Wands
 n - a wand of paralysis (18/24)
 t - a wand of enslavement (11/24)
 y - a wand of paralysis (6/24)
 F - a wand of slowing (34/48)
Scrolls
 a - 2 scrolls of teleportation {unknown}
 e - 2 scrolls of identify {unknown}
 g - a scroll of fog {unknown}
 h - 3 scrolls of noise {unknown}
 l - 2 scrolls of remove curse {unknown}
 q - a scroll of enchant weapon {unknown}
 C - a scroll of silence {unknown}
 D - a scroll of magic mapping {unknown}
 E - a scroll of recharging {unknown}
Potions
 c - a potion of agility {unknown}
 d - 2 potions of brilliance {unknown}
 i - 2 potions of haste {unknown}
 m - 3 potions of curing {unknown}
 u - a potion of resistance {unknown}
 x - a potion of lignification {unknown}
 A - a potion of flight {unknown}
 B - a potion of degeneration {unknown}
Comestibles
 b - 2 bread rations
 f - 2 slices of pizza
 j - 6 fruits
 p - a chunk of flesh
 r - 2 meat rations
 w - a beef jerky
 z - a royal jelly


   Skills:
 - Level 4.1 Fighting
 * Level 4.4 Armour
 + Level 4.1 Dodging
 - Level 2.1 Stealth
 + Level 6.1 Unarmed Combat
 * Level 2.0 Invocations


You had 6 spell levels left.
You didn't know any spells.

Dungeon Overview and Level Annotations

Branches:
Dungeon (6/15)
 Temple: D:4-7

Altars:
Cheibriados
Hepliaklqana
Makhleb
Nemelex Xobeh
Trog

Shops:
D:4 :

Annotations:
D:6 Kiturien's ghost, novice HOFi


Innate Abilities, Weirdness & Mutations

You are resistant to torment.
Your stone body is resilient. (AC +4)
You are immune to poison.
You resist negative energy. (rN+)
You are resistant to electric shocks. (rElec)
You can survive without breathing.
You are immune to petrification.
You are immune to rotting.


Message History

The acid hits Kiturien's ghost.
Kiturien's ghost appears unharmed.
Kiturien's ghost is moderately damaged.
Kiturien's ghost hits you but does no damage.
Press: ? - help, Shift-Dir - straight line, f/p - Kiturien's ghost
Aim: Kiturien's ghost (moderately damaged)
The acid hits Kiturien's ghost.
Kiturien's ghost is splashed with acid.
The acid corrodes Kiturien's ghost!
Kiturien's ghost is heavily damaged.
Kiturien's ghost hits you!
* * * LOW HITPOINT WARNING * * *
Press: ? - help, Shift-Dir - straight line, f/p - Kiturien's ghost
Aim: Kiturien's ghost (heavily damaged, covered in acid)
The acid hits Kiturien's ghost.
Kiturien's ghost is splashed with acid.
Kiturien's ghost is severely damaged.
Kiturien's ghost hits you but does no damage.
Okay, then.
Press: ? - help, Shift-Dir - straight line, f/p - Kiturien's ghost
Aim: Kiturien's ghost (heavily damaged, covered in acid) Kiturien's ghost is unaffected.
Kiturien's ghost hits you!
You die...

#.#.# ..#
.... ..#
##.#..###..#
#..........#
#..[.#
#..##....#
#..# ..#
#.W# # #@.#
#..# #..#
#..# <.>#
##.# #.# .#


You could see Kiturien's ghost.

Vanquished Creatures
  A sky beast (D:5)
  An ogre (D:5)
  A phantom (D:5)
  A centaur (D:5)
  2 bullfrog skeletons (D:5)
  2 centaur skeletons
  3 hounds
  Terence (D:3)
  A worker ant (D:5)
  A worker ant zombie (D:5)
  5 gnolls
  7 adders
  A howler monkey skeleton (D:5)
  2 adder skeletons (D:4)
  2 worms
  A dart slug (D:1)
  5 leopard geckos
  An orc (D:4)
  12 bats
  4 giant cockroaches
  3 goblins
  6 hobgoblins
  13 jackals
  6 kobolds
  2 quokkas
  5 frilled lizards
  A leopard gecko skeleton (D:5)
  6 rats
96 creatures vanquished.

Notes
Turn   | Place    | Note
-------+----------+-------------------------------------------
     0 | D:1      | Minion the Gargoyle Monk began the quest for the Orb.
     0 | D:1      | Reached XP level 1. HP: 14/14 MP: 1/1
   108 | D:1      | Reached XP level 2. HP: 19/19 MP: 2/2
   385 | D:1      | Reached XP level 3. HP: 13/23 MP: 3/3
  1185 | D:2      | Found a burning altar of Makhleb.
  1199 | D:2      | Reached XP level 4. HP: 5/29 MP: 4/4
  1201 | D:2      | Became a worshipper of Makhleb the Destroyer
  1201 | D:2      | Reached * piety under Makhleb
  1201 | D:2      | Reached ** piety under Makhleb
  1476 | D:2      | Reached skill level 4 in Unarmed Combat
  1941 | D:2      | Reached XP level 5. HP: 33/33 MP: 5/5
  2140 | D:3      | Found a snail-covered altar of Cheibriados.
  2277 | D:3      | Found a hazy altar of Hepliaklqana.
  2356 | D:3      | HP: 1/33 [gnoll/spear (5)]
  2707 | D:3      | Noticed Terence
  2721 | D:3      | Killed Terence
  2856 | D:3      | Reached skill level 1 in Armour
  3091 | D:4      | Found a sparkling altar of Nemelex Xobeh.
  3161 | D:4      | Found Poelusiw's Book Emporium.
  3198 | D:4      | Reached XP level 6. HP: 30/38 MP: 6/6
  3430 | D:4      | You fall through a shaft!
  3430 | D:5      | Entered Level 5 of the Dungeon
  3462 | D:5      | Reached *** piety under Makhleb
  3462 | D:5      | Reached skill level 5 in Unarmed Combat
  3597 | D:5      | Noticed a sky beast
  3604 | D:5      | Found a bloodstained altar of Trog.
  3645 | D:5      | Killed a sky beast
  3645 | D:5      | Reached skill level 1 in Invocations
  3645 | D:5      | Reached XP level 7. HP: 43/43 MP: 7/7
  3979 | D:5      | Reached skill level 6 in Unarmed Combat
  4235 | D:6      | Noticed Kiturien's ghost (novice HOFi)
  4278 | D:6      | Slain by Kiturien's ghost

Skill      XL: |  1  2  3  4  5  6  7 |
---------------+----------------------+-----
Dodging        | 3 4 |  4.1
Unarmed Combat | 4 5 6 |  6.1
Fighting       | 4 |  4.1
Armour         | 1 3 4 |  4.4
Invocations    | 1 2 |  2.0
Stealth        | |  2.1

Action                   |  1- 3 |  4- 6 |  7- 9 || total
-------------------------+-------+-------+-------++-------
Melee: Unarmed           |   120 |   289 |   124 ||   533
       Punch             |     1 |     8 |     2 ||    11
Invok: Minor Destruction |       |       |     5 ||     5
 Stab: Sleeping          |     1 |     1 |       ||     2
  Eat: Chunk             |     1 |     8 |     2 ||    11
Armor: Robe              |    54 |    23 |       ||    77
       Scale mail        |       |   109 |    49 ||   158
Dodge: Dodged            |   113 |   174 |    46 ||   333
